 Dungeon Crawl Stone Soup version 0.19.1-1-g22dce08 (webtiles) character file.

182 kae the Shield-Bearer (level 5, -2/42 HPs)
             Began as a Formicid Fighter on Jan 12, 2017.
             Slain by Menkaure (13 damage)
             ... on level 4 of the Dungeon.
             The game lasted 00:02:15 (2125 turns).

kae the Shield-Bearer (Formicid Fighter)            Turns: 2125, Time: 00:02:16

Health: -2/42      AC:  9    Str: 26    XL:     5   Next: 93%
Magic:  5/5        EV:  8    Int:  8    God:
Gold:   253        SH: 10    Dex: 10    Spells: 0 memorised, 4 levels left

rFire  . . .     SeeInvis +     a - +1 flail
rCold  . . .     Gourm    .     b - +0 scale mail
rNeg   + . .     Faith    .     c - +0 shield
rPois  .         Spirit   .     (helmet unavailable)
rElec  .         Reflect  .     p - +0 cloak (curse)
rCorr  .         Harm     .     w - +0 pair of gloves
MR     .....                    (no boots)
Stlth  ..........               (no amulet)
                                s - ring of see invisible (curse)
                                o - ring of positive energy

@: mighty
A: permanent stasis, dig shafts and tunnels, four strong arms, antennae 3
a: Dig, Shaft Self


You were on level 4 of the Dungeon.
You were not hungry.

You visited 1 branch of the dungeon, and saw 4 of its levels.

You collected 253 gold pieces.

Inventory:

Hand Weapons
 a - a +1 flail (weapon)
Armour
 b - a +0 scale mail (worn)
 c - a +0 shield (worn)
 p - a cursed +0 cloak (worn)
 w - a +0 pair of gloves (worn)
Jewellery
 o - a ring of positive energy (left hand)
 s - a cursed ring of see invisible (right hand)
Scrolls
 e - 2 scrolls of magic mapping
 h - a scroll of immolation
 k - 2 scrolls of amnesia
 m - a scroll of enchant weapon
 u - a scroll of fog
 v - 2 scrolls of noise {unknown}
Potions
 d - a potion of might
 j - a potion of haste {unknown}
 l - 2 potions of berserk rage
 r - 2 potions of flight {unknown}
Comestibles
 f - 4 bread rations
 g - a beef jerky
 i - a meat ration
 n - 2 fruits
 t - a royal jelly


   Skills:
 + Level 4.2 Fighting
 * Level 3.8 Maces & Flails
 + Level 4.1 Armour
 + Level 4.4 Shields


You had 4 spell levels left.
You didn't know any spells.

Dungeon Overview and Level Annotations

Branches:
Dungeon (4/15)
 Temple: D:4-7

Altars:
Cheibriados
Hepliaklqana
Ru
Zin

Shops:
D:4 *

Annotations:
D:4 Menkaure


Innate Abilities, Weirdness & Mutations

You are under a permanent stasis effect.
You can dig through walls and to a lower floor.
Your four strong arms can wield two-handed weapons with a shield.
You have a pair of large antennae on your head. (SInv)


Message History

You feel very mighty all of a sudden.
Menkaure gestures at you while chanting.
You struggle to resist.
You barely miss Menkaure. You block Menkaure's attack.
You barely miss Menkaure. Menkaure hits you but does no damage.
Menkaure hits you!
Your scale mail prevents you from hitting Menkaure.
Menkaure calls on the powers of darkness!
Your body is wracked with pain!
You are too injured to fight recklessly!
You are too injured to fight recklessly!
You are too injured to fight recklessly!
You are too injured to fight recklessly!
You are too injured to fight recklessly!
Your shield prevents you from hitting Menkaure.
Menkaure calls on the powers of darkness!
Your body is wracked with pain!
* * * LOW HITPOINT WARNING * * *
Menkaure hits you!
You die...

.## #......##. ..
####.#.#.. #. #.#.#.# ..
#.#...# .## #.#..## .<
#.#...# #. #####...#.#
######.#######..#.......
......M@..........#..#..
.................###....
######........∩.._⌠#..##
#....####......###..##
...### #.......#...## .#
##....#...### ##########


You could see Menkaure.

Vanquished Creatures
  A centaur zombie (D:4)
  A centaur skeleton (D:4)
  4 gnolls
  2 adders (D:2)
  An adder skeleton (D:4)
  3 worms
  A leopard gecko (D:2)
  5 orcs
  3 bats
  5 giant cockroaches
  6 goblins
  3 hobgoblins
  A quokka (D:2)
  A ball python (D:3)
  2 frilled lizards
  4 kobolds
  2 leopard gecko skeletons (D:4)
  9 rats
54 creatures vanquished.

Notes
Turn   | Place    | Note
-------+----------+-------------------------------------------
     0 | D:1      | kae the Formicid Fighter began the quest for the Orb.
     0 | D:1      | Reached XP level 1. HP: 18/18 MP: 1/1
   126 | D:1      | Reached XP level 2. HP: 23/24 MP: 2/2
   307 | D:1      | Reached XP level 3. HP: 29/29 MP: 3/3
   522 | D:2      | Found a sacrificial altar of Ru.
  1003 | D:2      | Reached XP level 4. HP: 37/37 MP: 4/4
  1244 | D:3      | Found a snail-covered altar of Cheibriados.
  1460 | D:3      | Found a hazy altar of Hepliaklqana.
  1801 | D:3      | Reached XP level 5. HP: 37/42 MP: 5/5
  2105 | D:4      | Found Zin's Purification Station.
  2107 | D:4      | Found a glowing silver altar of Zin.
  2115 | D:4      | Noticed Menkaure
  2125 | D:4      | Slain by Menkaure

Skill      XL: |  1  2  3  4 |
---------------+-------------+-----
Shields        | 4 |  4.4
Maces & Flails | 3 |  3.8
Fighting       | 4 |  4.2
Armour         | 4 |  4.1

Action                   |  1- 3 |  4- 6 || total
-------------------------+-------+-------++-------
Melee: Flail             |    70 |   101 ||   171
 Abil: Dig               |       |     2 ||     2
  Use: Scroll            |       |     6 ||     6
       Potion            |       |     1 ||     1
  Eat: Chunk             |       |     4 ||     4
Armor: Scale mail        |    20 |    30 ||    50
Dodge: Dodged            |    26 |    22 ||    48
Block: Shield            |    33 |    56 ||    89
